 Dungeon Crawl Stone Soup version 0.30-a0-374-g95c0257040 (webtiles) character file.

Game seed: 997338803894017733

79 flotson the Sneak (level 4, -2/35 HPs)
             Began as a Demonspawn Delver on Nov 25, 2022.
             Slain by an ice beast (14 damage)
             ... on level 3 of the Dungeon.
             The game lasted 00:04:25 (1877 turns).

flotson the Sneak (Demonspawn Delver)               Turns: 1877, Time: 00:04:25

Health: -2/35      AC:  9    Str: 14    XL:     4   Next: 16%
Magic:  4/4        EV:  9    Int: 16    God:
Gold:   237        SH:  4    Dex: 18    Spells: 3/3 levels left

rFire   + . .      SeeInvis .    x - +0 whip (elec)
rCold   . . .      Faith    .    p - +0 buckler
rNeg    . . .      Spirit   .    t - +0 scale mail
rPois   .          Reflect  .    (helmet restricted)
rElec   .          Harm     .    j - +0 cloak
rCorr   +          Rampage  .    u - +1 pair of gloves of Okawaru's Inspiration {Will+ Int+3}
Will    +....                    (no boots)
Stlth   ++........               (no amulet)
HPRegen 0.25/turn                d - ring "Yxkogo" {rCorr Int+2 Dex+3}
MPRegen 0.18/turn                b - ring of protection from fire

@: hasted, very quick
A: horns 1, magic regeneration
a: no special abilities


You were on level 3 of the Dungeon.
You visited 1 branch of the dungeon, and saw 5 of its levels.

You collected 237 gold pieces.

Inventory:

Hand Weapons
 a - a +0 spear
 x - a +0 whip of electrocution (weapon)
Missiles
 l - 3 javelins (quivered)
 r - 5 boomerangs
 s - 3 poisoned darts
Armour
 j - a +0 cloak (worn)
 p - a +0 buckler (worn)
 t - a +0 scale mail (worn)
 u - the +1 pair of gloves of Okawaru's Inspiration (worn) {Will+ Int+3}
   (You found it on level 2 of the Dungeon)

   Int:       It affects your intelligence (+3).
   Will:      It increases your willpower.
Jewellery
 b - a ring of protection from fire (right hand)
 d - the ring "Yxkogo" (left hand) {rCorr Int+2 Dex+3}
   (You found it on level 4 of the Dungeon)

   [ring of resist corrosion]

   Int:       It affects your intelligence (+2).
   Dex:       It affects your dexterity (+3).
   rCorr:     It protects you from acid and corrosion.
Wands
 g - a wand of digging (3)
Scrolls
 c - a scroll of fog
 e - 2 scrolls of fear
 h - 3 scrolls of teleportation {unknown}
 k - a scroll of enchant weapon {unknown}
 m - 2 scrolls of amnesia {unknown}
 o - 3 scrolls of identify {unknown}
Potions
 f - a potion of haste
 i - a potion of flight {unknown}
 n - a potion of invisibility
 q - a potion of degeneration {unknown}
 v - a potion of lignification {unknown}
 w - a potion of brilliance {unknown}


   Skills:
 + Level 3.5 Fighting
 - Level 1.7 Polearms
 + Level 0.7 Throwing
 + Level 1.2 Armour
 + Level 2.4 Dodging
 - Level 4.5 Stealth
 + Level 0.6 Shields
 + Level 1.4 Evocations


You had 3 spell levels left.
You didn't know any spells.
Your spell library contained the following spells:

 Spells                   Type           Power      Damage    Failure   Level
 Cigotuvi's Dreadful Rot  Necr/Pois/Air  0%         N/A       92%         2
 Call Canine Familiar     Summ           0%         N/A       99%         3
 Portal Projectile        Hex/Tloc       0%         N/A       99%         3
 Dispel Undead            Necr           0%         3d6       100%        4
 Leda's Liquefaction      Hex/Erth       0%         N/A       100%        4
 Death Channel            Necr           0%         N/A       100%        6


Dungeon Overview and Level Annotations

Branches:
Dungeon (5/15)             Temple (0/1) D:5

Altars:

Shops:
D:2 :   D:4 *

Annotations:
D:5 Pikel


Innate Abilities, Weirdness & Mutations

You have a pair of small horns on your head.
You regenerate magic rapidly.


Message History

The ice beast is lightly wounded.
The ice beast hits you but does no damage.
You hit the ice beast.
You headbutt the ice beast, but do no damage.
The ice beast is moderately wounded.
The ice beast barely misses you.
You hit the ice beast but do no damage.
The ice beast is moderately wounded.
The ice beast closely misses you.
You closely miss the ice beast. You headbutt the ice beast.
The ice beast is moderately wounded.
The ice beast barely misses you.
The ice beast hits you but does no damage.
You hit the ice beast but do no damage.
The ice beast is moderately wounded.
The ice beast barely misses you.
You barely miss the ice beast.
The ice beast is moderately wounded.
The ice beast barely misses you.
You barely miss the ice beast.
The ice beast is moderately wounded.
The ice beast hits you. The ice beast freezes you!
You are too injured to fight recklessly!
You are too injured to fight recklessly!
You are too injured to fight recklessly!
You are too injured to fight recklessly!
You are too injured to fight recklessly!
You are too injured to fight recklessly!
You are too injured to fight recklessly!
You barely miss the ice beast.
The ice beast is moderately wounded.
The ice beast barely misses you.
You barely miss the ice beast. Your headbutt misses the ice beast.
The ice beast is moderately wounded.
The ice beast hits you but does no damage.
You closely miss the ice beast.
The ice beast is moderately wounded.
You block the ice beast's attack.
You feel yourself speed up. The ice beast hits you. The ice beast freezes you!
You die...

..##.# ##.....#
#..#.####.....♣♣
##.....#.......♣
##.....Y........_♣
######..########......♣#
######......## #.....♣.#
#.......##### ##....♣##
#######....###########.....#
####...@Y...>.(.....##
###########..####)# #...##
..# #..... .... #..#### ####
..Y.# ####.# ##>.>##
##.....##


You could see an ice beast.

Vanquished Creatures
  2 adders
  3 dart slugs (D:1)
  3 orcs (D:4)
  5 bats
  An endoplasm (D:2)
  3 giant cockroaches
  5 hobgoblins
  2 quokkas (D:1)
  6 ball pythons
  7 goblins
  7 kobolds
  4 rats
48 creatures vanquished.

Notes
Turn   | Place    | Note
-------+----------+-------------------------------------------
     0 | D:5      | flotson the Demonspawn Delver began the quest for the Orb.
     0 | D:5      | Reached XP level 1. HP: 18/18 MP: 1/1
     1 | D:5      | Noticed an orc priest
     4 | D:5      | Noticed a lemure
     5 | D:5      | Noticed a lemure
     5 | D:5      | Noticed a jelly
     6 | D:5      | Noticed Pikel
    18 | D:5      | Noticed a jelly
    27 | D:4      | Found Zeroitsu's Assorted Antiques.
    50 | D:4      | Identified the ring "Yxkogo" {rCorr Int+2 Dex+3}
   236 | D:4      | Gained mutation: You have a pair of small horns on your
                  | head. [demonic ancestry]
   236 | D:4      | Reached XP level 2. HP: 22/24 MP: 2/2
   331 | D:3      | Noticed an ice beast
   346 | D:2      | Reached skill level 1 in Evocations
   401 | D:1      | Reached skill level 1 in Armour
   401 | D:1      | Reached XP level 3. HP: 29/29 MP: 3/3
   703 | D:1      | Found a faded altar of an unknown god.
  1459 | D:2      | Gained mutation: You regenerate magic rapidly. [demonic
                  | ancestry]
  1459 | D:2      | Reached XP level 4. HP: 35/35 MP: 4/4
  1611 | D:2      | Found Xoosikki's Book Emporium.
  1618 | D:2      | Identified the +1 pair of gloves of Okawaru's Inspiration
                  | {Will+ Int+3}
  1877 | D:3      | Slain by an ice beast

Illustrated notes

Levels and vault maps discovered:
D:1:      giann_wishing_wells, layout_basic, shapermc_ecumenical_altar_petra
D:2:      layout_loops_cross, serial_shops, nicolae_shop_hallway_stairs,
          dk_vineyard_2, chequers_serial_rivers_room_b, nrook_mini_vaults
D:3:      minmay_spotlight, layout_rooms, zin_academy,
          corexii_item_surrounded_by_moat, minmay_fountain_box
D:4:      layout_basic, mainiacjoe_overflow_boulevard, serial_shops,
          nicolae_stop_n_shop_1, minivault_23, mrwooster_statue_mirror
D:5:      layout_cave_pools, kennysheep_slug_shrine, lemuel_crystal_altar,
          nemelex_spade_bored_becter, minmay_temple_entry_waves, uniq_pikel

Skill      XL: |  1  2 |
---------------+-------+-----
Dodging        | 2 |  2.4
Evocations     | 1 |  1.4
Armour         | 1 |  1.2
Fighting       | |  3.5
Polearms       | |  1.7
Throwing       | |  0.7
Stealth        | |  4.5
Shields        | |  0.6

Action                   |  1- 3 |  4- 6 || total
-------------------------+-------+-------++-------
Melee: Spear             |   140 |    27 ||   167
       Headbutt          |    14 |     8 ||    22
       Whip              |       |    16 ||    16
Throw: Javelin           |       |     4 ||     4
  Use: Scroll            |     1 |       ||     1
       Potion            |     3 |     1 ||     4
 Stab: Sleeping          |    11 |     1 ||    12
       Distracted        |     1 |       ||     1
Armor: Leather armour    |    39 |       ||    39
       Scale mail        |     3 |    15 ||    18
Dodge: Dodged            |    86 |    15 ||   101
Block: Buckler           |    13 |     6 ||    19

Table legend: (Time is in decaauts)
 A = Elapsed time spent in this place.
 B = Non-inter-level travel time spent in this place.
 C = Inter-level travel time spent in this place.
 D = Time resting spent in this place.
 E = Time spent auto-exploring this place.
 F = Levels seen in this place.
 G = Mean time per level.
                   A        B        C        D        E       F      G
               +--------+--------+--------+--------+--------+-----+--------+
         Total |   1892 |   1826 |     66 |     53 |   1227 |   5 |  378.4 |
       Dungeon |   1892 |   1826 |     66 |     53 |   1227 |   5 |  378.4 |
               +--------+--------+--------+--------+--------+-----+--------+

Top non-repeatable levels by time:
     D:1: 942 daAuts
     D:2: 498 daAuts
     D:4: 236 daAuts
     D:3: 187 daAuts
     D:5: 27 daAuts
